 Dungeon Crawl Stone Soup version 0.23-a0-139-ga22e90c (webtiles) character file.

23 CougarLife the Skirmisher (level 2, 0/31 HPs)
             Began as a Troll Fighter on Aug 30, 2018.
             Succumbed to an orc wizard's poison
             ... on level 1 of the Dungeon.
             The game lasted 00:01:05 (912 turns).

CougarLife the Skirmisher (Troll Fighter)            Turns: 912, Time: 00:01:06

Health: 0/31       AC:  6    Str: 23    XL:     2   Next: 75%
Magic:  1/1        EV:  8    Int:  4    God:
Gold:   72         SH:  8    Dex:  9    Spells: 1/1 levels left

rFire    . . .     SeeInvis .     - Unarmed
rCold    . . .     Gourm    +   b - +0 shield
rNeg     . . .     Faith    .   a - +0 robe
rPois    .         Spirit   .   (helmet restricted)
rElec    .         Reflect  .   k - +0 cloak
rCorr    .         Harm     .   (gloves unavailable)
MR       .....                  (boots unavailable)
Stlth    +.........             (no amulet)
HPRegen  0.50/turn              (no ring)
MPRegen  0.07/turn              (no ring)

@: lethally poisoned (0 -> -14)
A: large, unfitting armour, claws 3, fast metabolism 3, gourmand, regeneration
1, shaggy fur 1, tough skin 2
a: no special abilities


You were on level 1 of the Dungeon.
You were very full.

You visited 1 branch of the dungeon, and saw 2 of its levels.

You collected 72 gold pieces.

Inventory:

Armour
 a - a +0 robe (worn)
 b - a +0 shield (worn)
 k - a +0 cloak (worn)
Jewellery
 j - a cursed amulet of inaccuracy {unknown}
 o - a cursed ring of teleportation {unknown}
Scrolls
 g - a scroll of amnesia {unknown}
 i - a scroll of remove curse {unknown}
 l - a scroll of teleportation {unknown}
 m - 2 scrolls of identify {unknown}
 n - a scroll of enchant armour {unknown}
Potions
 c - a potion of might
 e - a potion of degeneration {unknown}
 f - a potion of magic {unknown}
 h - 3 potions of curing {unknown}
Comestibles
 d - 2 rations


   Skills:
 - Level 3.0 Fighting
 - Level 2.4 Dodging
 - Level 2.4 Shields
 + Level 2.6 Unarmed Combat


You had one spell level left.
You didn't know any spells.
Your spell library was empty.

Dungeon Overview and Level Annotations

Branches:
Dungeon (2/15)

Altars:


Innate Abilities, Weirdness & Mutations

You are too large for most types of armour.
You have claws for hands.
Your metabolism is lightning-fast.
You like to eat raw meat.
Your natural rate of healing is unusually fast.
You are covered in fur. (AC +1)
You have very tough skin. (AC +2)


Message History

You are more poisoned.
You scratch the orc wizard.
The orc wizard is lightly wounded.
You feel sick. The dart slug bites you.
* * * LOW HITPOINT WARNING * * *
The orc wizard hits you with a dagger of venom.
* * * LOW HITPOINT WARNING * * *
You are lethally poisoned!
You scratch the orc wizard.
The orc wizard is moderately wounded.
* * * LOW HITPOINT WARNING * * *
You feel sick.
The orc wizard hits you with a dagger of venom.
* * * LOW HITPOINT WARNING * * *
You are more poisoned.
The dart slug bites you.
* * * LOW HITPOINT WARNING * * *
You closely miss the orc wizard.
The orc wizard is moderately wounded.
You die...

#....# #...##.#...#.# #####
#....# ##..##.#...#.# #....
######## #..##.#...#.# #....
......# #..##.#...#.# #....
......# #..##.#...#.# #....
......# #..##.#...#.# #....
......# #rw##.....#.# #....
......# ##w####)#.#.###....
......# ###### #@o......#........
......###....########.#######....
....................#.# #....
...........#.######.#.#######....
......###..#.# #..............##
..)...# #..#.# #.#.#.########.#
.##.### #..#.####.#.#.# #.# .##.#
#......##.#.#.# #.# ....#
#......##.#.#.# #.#


You could see a worm, an orc wizard, a dart slug and a rat.

Vanquished Creatures
  2 orcs (D:2)
  2 giant cockroaches (D:1)
  2 goblins (D:1)
  4 hobgoblins (D:1)
  3 bats (D:1)
  2 frilled lizards (D:1)
  3 kobolds (D:1)
  2 rats (D:1)
20 creatures vanquished.

Notes
Turn   | Place    | Note
-------+----------+-------------------------------------------
     0 | D:1      | CougarLife the Troll Fighter began the quest for the Orb.
     0 | D:1      | Reached XP level 1. HP: 22/22 MP: 0/0
   187 | D:1      | Reached XP level 2. HP: 29/29 MP: 1/1
   215 | D:1      | Reached skill level 3 in Fighting
   912 | D:1      | Succumbed to an orc wizard's poison

Vault maps used:
D:1:      tarquinn_simple_flora_water_a
D:2:      kennysheep_six_static_rooms

Skill      XL: |  1  2 |
---------------+-------+-----
Fighting       | 3 |  3.0
Dodging        | |  2.4
Shields        | |  2.4
Unarmed Combat | |  2.6

Action                   || total
-------------------------++-------
Melee: Unarmed           ||    63
  Eat: Chunk             ||    12
Armor: Robe              ||    21
Dodge: Dodged            ||    18
Block: Shield            ||    21

Table legend:
 A = Non-vault XP
 B = Vault XP
 C = Vault XP percentage of total XP
 D = Non-vault monster count
 E = Vault monster count
 F = Vault count percentage of total count
                 A         B        C        D         E       F
            +---------+---------+-------+---------+---------+-------
      Total |      34 |       0 |   0.0 |      20 |       0 |   0.0
            +---------+---------+-------+---------+---------+-------
        D:1 |      28 |       0 |   0.0 |      18 |       0 |   0.0
        D:2 |       6 |       0 |   0.0 |       2 |       0 |   0.0
            +---------+---------+-------+---------+---------+-------
